 Dungeon Crawl Stone Soup version 0.23-a0-141-g456867d (webtiles) character file.

373 Amnesiac the Cutter (level 6, -1/47 HPs)
             Began as a Mummy Wanderer on Aug 31, 2018.
             Killed by divine providence
             ... invoked by an orc priest
              (16 damage)
             ... on level 4 of the Dungeon.
             The game lasted 00:08:08 (3174 turns).

Amnesiac the Cutter (Mummy Wanderer)                Turns: 3174, Time: 00:08:08

Health: -1/47      AC:  6    Str: 20    XL:     6   Next: 43%
Magic:  6/6        EV: 10    Int: 10    God:
Gold:   174        SH:  0    Dex: 10    Spells: 5/5 levels left

rFire    x . .     SeeInvis .   a - +2 short sword
rCold    + . .     Gourm    .   (no shield)
rNeg     + + +     Faith    .   e - +0 scale mail (curse)
rPois    ∞         Spirit   .   (no helmet)
rElec    .         Reflect  .   (no cloak)
rCorr    .         Harm     .   (no gloves)
MR       .....                  (no boots)
Stlth    +.........             (no amulet)
HPRegen  0.15/turn              c - ring of stealth
MPRegen  0.10/turn              (no ring)

@: no status effects
A: no food or potions, fire vulnerability, cold resistance 1, negative energy
resistance 3, torment resistance, unbreathing
a: no special abilities


You were on level 4 of the Dungeon.
You were not hungry.

You visited 1 branch of the dungeon, and saw 6 of its levels.

You collected 174 gold pieces.

Inventory:

Hand Weapons
 a - a +2 short sword (weapon)
 b - a +0 hunting sling
Missiles
 i - 27 sling bullets
 k - 30 stones (quivered)
Armour
 e - a cursed +0 scale mail (worn)
Jewellery
 c - a ring of stealth (left hand)
Scrolls
 d - a scroll of immolation {!r, unknown}
 f - a scroll of identify {!r}
 g - a scroll of noise {!r}
 h - 2 scrolls of remove curse {!r}
 j - a scroll of magic mapping {!r, unknown}


   Skills:
 - Level 3.0 Fighting
 + Level 5.8 Short Blades
   Level 1.0 Polearms
 - Level 1.0 Dodging
 - Level 1.5 Stealth
   Level 1.0 Evocations


You had 5 spell levels left.
You didn't know any spells.
Your spell library was empty.

Dungeon Overview and Level Annotations

Branches:
Dungeon (6/15)
 Temple: D:4-7

Altars:
Dithmenos
Elyvilon
Fedhas
Uskayaw


Innate Abilities, Weirdness & Mutations

You do not eat or drink.
Your flesh is vulnerable to fire.
You are immune to poison.
Your flesh is cold resistant. (rC+)
You are immune to negative energy. (rN+++)
You are immune to unholy pain and torment.
You can survive without breathing.


Message History

You climb downwards.
There is a stone staircase leading up here.
The orc wizard is too close now for your liking.
An orc wizard is nearby!
An orc wizard is nearby!
b - a +0 hunting sling (weapon)
The orc wizard shouts!
Firing (i - inventory. (/) - cycle)
i - 31 sling bullets (quivered)
Press: ? - help, Shift-Dir - straight line, f - orc wizard
Aim: an orc wizard, wielding a dagger and wearing a robe You shoot a sling bullet.
The sling bullet hits the orc wizard.
The orc wizard is lightly wounded.
An orc comes into view. It is wielding a dagger.
Firing (i - inventory. (/) - cycle)
i - 30 sling bullets (quivered)
Press: ? - help, Shift-Dir - straight line, f/p - orc wizard
Aim: an orc wizard, wielding a dagger and wearing a robe (lightly wounded)
You shoot a sling bullet. The sling bullet hits the orc wizard.
The orc wizard is moderately wounded.
The orc wizard casts a spell at you. The puff of flame misses you.
The orc wizard mumbles some strange words.
The orc wizard seems to speed up.
You hear a shout!
Firing (i - inventory. (/) - cycle)
i - 29 sling bullets (quivered)
Press: ? - help, Shift-Dir - straight line, f/p - orc wizard
Aim: an orc wizard, wielding a dagger and wearing a robe (moderately wounded, You shoot a sling bullet.
The sling bullet barely misses the orc wizard.
Unknown command.
Firing (i - inventory. (/) - cycle)
i - 28 sling bullets (quivered)
Press: ? - help, Shift-Dir - straight line, f/p - orc wizard
Aim: an orc wizard, wielding a dagger and wearing a robe (moderately wounded, You shoot a sling bullet.
The sling bullet hits the orc wizard!
The orc wizard is almost dead.
The orc wizard gestures wildly while chanting.
The orc wizard flickers and vanishes!
Deactivating autopickup; reactivate with Ctrl-A.
Unknown command.
There is a stone staircase leading up here.
a - a +2 short sword (weapon)
You swing at nothing.
You closely miss something. Something hits you but does no damage.
Something hits you but does no damage. x2
You climb upwards.
There is a stone staircase leading down here.
You puncture something!
Reactivating autopickup.
You feel a bit more experienced.
You now have 174 gold pieces (gained 14).
Things that are here:
a dagger; a robe; an orc corpse
There is a stone staircase leading down here.
You climb downwards.
There is a stone staircase leading up here.
The orc priest invokes the aid of Beogh against you.
Beogh smites you!
The orc priest calls down the wrath of Beogh upon you.
Beogh smites you!
The orc priest calls down the wrath of Beogh upon you.
Beogh smites you!
* * * LOW HITPOINT WARNING * * *
The orc priest mumbles some strange prayers to Beogh against you.
Beogh smites you!
You die...

#....................
##...................
#.............######
#.......o(....#
#...>.....#####
#.......o.#
#...%....##
#........# #.......@#
#........# #........#
##########


You could see 2 orc priests.

Vanquished Creatures
  An ice beast (D:5)
  A crimson imp (D:5)
  A centaur skeleton (D:4)
  An orc priest (D:4)
  An orc wizard (D:3)
  An iguana (D:4)
  2 worker ants
  A howler monkey skeleton (D:4)
  4 adders
  A worm (D:2)
  A dart slug (D:3)
  2 leopard geckos
  3 orcs
  2 ball pythons
  2 giant cockroaches (D:4)
  3 goblins
  A hobgoblin (D:1)
  4 jackals
  A quokka (D:3)
  2 frilled lizards
  3 kobolds
  5 rats
43 creatures vanquished.

Notes
Turn   | Place    | Note
-------+----------+-------------------------------------------
     0 | D:1      | Amnesiac the Mummy Wanderer began the quest for the Orb.
     0 | D:1      | Amnesiac set off with: a +2 short sword, a scroll of
                  | teleportation {!r}, a +0 spear, a +0 robe, a +0 dagger
     0 | D:1      | Reached XP level 1. HP: 18/18 MP: 1/1
   244 | D:2      | Reached skill level 2 in Short Blades
   372 | D:2      | Reached XP level 2. HP: 9/24 MP: 2/2
   543 | D:3      | Found a hide-covered altar of Uskayaw.
   543 | D:3      | Noticed a hand axe
   544 | D:3      | Noticed a dagger
   680 | D:5      | Entered Level 5 of the Dungeon
   703 | D:4      | Reached skill level 3 in Short Blades
   703 | D:4      | Reached XP level 3. HP: 12/29 MP: 3/3
  1771 | D:4      | Reached XP level 4. HP: 14/35 MP: 4/4
  2028 | D:5      | Noticed an ice beast
  2133 | D:5      | Killed an ice beast
  2133 | D:5      | Reached skill level 4 in Short Blades
  2133 | D:5      | Reached XP level 5. HP: 9/41 MP: 5/5
  2356 | D:5      | Reached skill level 5 in Short Blades
  2402 | D:5      | Found a shadowy altar of Dithmenos.
  2402 | D:5      | Found a white marble altar of Elyvilon.
  2419 | D:5      | Noticed a hippogriff
  2420 | D:5      | Found a blossoming altar of Fedhas.
  2491 | D:4      | Reached XP level 6. HP: 40/47 MP: 6/6
  3174 | D:4      | Killed from afar by an orc priest

Vault maps used:
D:1:      grunt_arrival_lava_bath
D:3:      dancing_weapons_uskayaw
D:4:      first_ration
D:5:      grunt_temple_overflow_growth_and_decay,
          gammafunk_temple_overflow_statue, minmay_temple_entry_from_below_a
D:6:      lemuel_ratsnest, tgw_sif, uniq_sigmund, uniq_pikel

Skill      XL: |  1  2  3  4  5 |
---------------+----------------+-----
Short Blades   | 2 3 4 5 |  5.8
Fighting       | |  3.0
Polearms       | |  1.0
Dodging        | |  1.0
Stealth        | |  1.5
Evocations     | |  1.0

Action                   |  1- 3 |  4- 6 || total
-------------------------+-------+-------++-------
Melee: Short sword       |   139 |    76 ||   215
 Fire: Hunting sling     |       |     7 ||     7
  Use: Scroll            |     2 |     1 ||     3
 Stab: Sleeping          |     2 |       ||     2
Armor: Robe              |     6 |       ||     6
       Ring mail         |    14 |     6 ||    20
       Scale mail        |       |    22 ||    22
Dodge: Dodged            |    82 |    30 ||   112

Table legend:
 A = Non-vault XP
 B = Vault XP
 C = Vault XP percentage of total XP
 D = Non-vault monster count
 E = Vault monster count
 F = Vault count percentage of total count
                 A         B        C        D         E       F
            +---------+---------+-------+---------+---------+-------
      Total |     534 |       0 |   0.0 |      43 |       0 |   0.0
            +---------+---------+-------+---------+---------+-------
        D:1 |       2 |       0 |   0.0 |       1 |       0 |   0.0
        D:2 |      28 |       0 |   0.0 |       7 |       0 |   0.0
        D:3 |      92 |       0 |   0.0 |      18 |       0 |   0.0
        D:4 |     194 |       0 |   0.0 |      13 |       0 |   0.0
        D:5 |     185 |       0 |   0.0 |       3 |       0 |   0.0
        D:6 |      33 |       0 |   0.0 |       1 |       0 |   0.0
            +---------+---------+-------+---------+---------+-------
